 Dungeon Crawl Stone Soup version 0.25.1-2-g60ff931df9 (webtiles) character file.

Game seed: 4563754302904434319

13622 Johnny the Geomancer (level 11, 0/74 HPs)
             Began as a Demigod Earth Elementalist on Oct 19, 2020.
             Slain by a troll (1 damage)
             ... on level 12 of the Dungeon.
             The game lasted 00:14:50 (12463 turns).

Johnny the Geomancer (Demigod Earth Elementalist)  Turns: 12463, Time: 00:14:51

Health: 0/74       AC: 13    Str: 11    XL:     11   Next: 49%
Magic:  10/28      EV: 12    Int: 31    God:
Gold:   479        SH:  0    Dex: 16    Spells: 15/28 levels left

rFire    . . .     SeeInvis +   j - +2 dagger (venom)
rCold    . . .     Gourm    .   (no shield)
rNeg     . . .     Faith    .   F - +2 robe {Archmagi}
rPois    .         Spirit   .   g - +2 hat {SInv}
rElec    .         Reflect  .   t - +0 cloak
rCorr    .         Harm     .   i - +0 pair of gloves
MR       +....                  C - +0 pair of boots (curse)
Stlth    ++........             o - amulet of the acrobat
HPRegen  0.22/turn              n - +4 ring of protection
MPRegen  0.21/turn              u - +6 ring of intelligence

@: no status effects
A: high mp 1
a: no special abilities


You were on level 12 of the Dungeon.
You were not hungry.

You visited 1 branch of the dungeon, and saw 12 of its levels.

You collected 479 gold pieces.

Inventory:

Hand Weapons
 j - a +2 dagger of venom (weapon)
 D - the +7 hand axe "Ysuoxuf" {pain, rElec Str-2 Dex+4}
   (You found it on level 5 of the Dungeon)

   In the hands of one skilled in necromantic magic, it inflicts extra damage on
   living creatures.
   It affects your strength (-2).
   It affects your dexterity (+4).
   It insulates you from electricity.
Missiles
 b - 313 stones (quivered)
Armour
 c - a +0 kite shield
 g - a +2 hat of see invisible (worn)
 i - a +0 pair of gloves (worn)
 l - a +0 robe of the Archmagi
 t - a +0 cloak (worn)
 C - a cursed +0 pair of boots (worn)
 F - a +2 robe of the Archmagi (worn)
Magical Staves
 U - an uncursed staff of energy
Jewellery
 f - an uncursed ring of protection from fire
 n - a +4 ring of protection (left hand)
 o - an amulet of the acrobat (around neck)
 u - a +6 ring of intelligence (right hand)
 I - a +4 ring of protection
 N - a +4 ring of evasion
 P - a +4 ring of protection
Wands
 e - a wand of polymorph (2)
 E - a wand of digging (4)
 K - a wand of iceblast (11)
 R - a wand of enslavement (8)
 T - a wand of flame (26)
Scrolls
 h - 3 scrolls of noise
 k - 3 scrolls of amnesia
 m - a scroll of immolation
 p - 4 scrolls of magic mapping
 q - 6 scrolls of teleportation
 y - 2 scrolls of enchant weapon {unknown}
 z - a scroll of enchant armour {unknown}
 A - 3 scrolls of fog
 G - a scroll of remove curse
 H - a scroll of acquirement {unknown}
 M - a scroll of blinking {unknown}
 Q - 3 scrolls of fear {unknown}
Potions
 a - 2 potions of brilliance
 r - 4 potions of lignification
 s - 4 potions of degeneration
 v - 8 potions of curing
 w - 2 potions of resistance
 x - 3 potions of heal wounds {unknown}
 B - 3 potions of might
 J - a potion of cancellation {unknown}
 L - 2 potions of mutation {unknown}
 O - a potion of berserk rage {unknown}
Comestibles
 d - 15 rations


   Skills:
 - Level 1.7 Dodging
 - Level 1.7 Stealth
 + Level 5.3 Shields
 + Level 9.1 Spellcasting
 - Level 0.8 Transmutations
 * Level 13.4 Earth Magic


You had 15 spell levels left.
You knew the following spells:

 Your Spells              Type           Power        Failure   Level  Hunger
a - Sandblast             Erth           ######       0%          1    None
b - Stone Arrow           Conj/Erth      ######       1%          3    None
c - Lee's Rapid Deconstr  Erth           #######...   1%          5    ###....
d - Petrify               Tmut/Erth      ######..     1%          4    None

Your spell library contained the following spells:

 Spells                   Type           Power        Failure   Level  Hunger
 Passwall                 Tmut/Erth      ######..     1%          2    None
 Animate Skeleton         Necr           N/A          3%          1    None
 Apportation              Tloc           ###...       3%          1    None
 Corona                   Hex            ###....      3%          1    None
 Magic Dart               Conj           ###.         3%          1    None
 Summon Small Mammal      Summ           ###.         3%          1    None
 Blink                    Tloc           N/A          5%          2    None
 Call Imp                 Summ           ###.....     5%          2    None
 Slow                     Hex            ###.....     5%          2    None
 Conjure Flame            Conj/Fire      ###.....     11%         3    None
 Mephitic Cloud           Conj/Pois/Air  ###.....     11%         3    None


Dungeon Overview and Level Annotations

Branches:
Dungeon (12/15)            Temple (0/1) D:4            Lair (0/6) D:9
    Orc (0/2) D:9

Annotations:
D:3 1 runed translucent door, grovkorv's ghost, amateur FoNe


Innate Abilities, Weirdness & Mutations

You have an increased reservoir of magic. (+10% MP)


Message History

The troll misses you. The troll claws you!
* * * LOW HITPOINT WARNING * * *
The troll claws you.
* * * LOW HITPOINT WARNING * * *
Unknown command.
Casting: Sandblast (safe; 0% risk of failure)
Confirm with . or Enter, or press ? or * to list all spells.
Aiming: Lee's Rapid Deconstruction (dangerous; 1% risk of failure)
Press: ? - help, Dir - move target cursor, p - troll A rock wall.
You feel a surge of power!
The wall shatters!
The blast of rock fragments hits the troll!
The troll is almost dead.
You hear a shout!
The troll bites you!
* * * LOW HITPOINT WARNING * * *
The troll claws you!
* * * LOW HITPOINT WARNING * * *
The troll claws you.
You die...

##### #...# #######
############...####.....####
......))o.T@..((.รท'....>'...
#^####.#####...####.....####
#' #...# #.^...# .. #...#
#.....# ... #...# #....(#
c..o ##### #.....# 5..#.
#.....# ....#o #######


You could see a troll and an orc.

Vanquished Creatures
  A hydra (D:12)
  A two-headed ogre (D:10)
  A deep elf mage (D:10)
  A cyclops (D:11)
  3 ugly things
  A manticore (D:11)
  A merfolk (D:10)
  4 trolls
  A hornet (D:10)
  2 hippogriffs
  Sigmund (D:2)
  14 yaks
  A wyvern (D:10)
  Eustachio (D:6)
  A steam dragon (D:9)
  Edmund (D:5)
  3 wargs (D:9)
  A water moccasin (D:6)
  Duvessa (D:7)
  A porcupine (D:8)
  2 ice beasts
  5 sky beasts
  8 orc warriors
  A black bear (D:6)
  A necrophage (D:10)
  5 ogres
  4 centaurs
  A big kobold (D:9)
  4 bullfrogs
  Dowan (D:7)
  2 scorpions
  4 killer bees
  A howler monkey (D:11)
  7 crimson imps
  A bullfrog zombie (D:10)
  A quasit (D:10)
  3 centaur skeletons
  4 hounds
  A gnoll shaman (D:6)
  11 orc priests
  3 jellies
  14 orc wizards
  A bullfrog skeleton (D:8)
  An iguana (D:5)
  6 worker ants
  A hound zombie (D:5)
  2 hound skeletons
  Robin (D:3)
  7 gnolls
  12 adders
  3 shadow imps
  2 oozes
  An adder zombie (D:7)
  An adder skeleton (D:5)
  2 worms
  3 dart slugs
  5 leopard geckos
  51 orcs
  6 giant cockroaches
  20 goblins
  4 hobgoblins
  12 jackals
  4 ball pythons
  6 bats
  3 frilled lizards
  9 kobolds
  2 quokka zombies (D:5)
  3 rats
293 creatures vanquished.

Notes
Turn   | Place    | Note
-------+----------+-------------------------------------------
     0 | D:1      | Johnny the Demigod Earth Elementalist began the quest for
                  | the Orb.
     0 | D:1      | Reached XP level 1. HP: 14/14 MP: 5/5
   471 | D:1      | Reached skill level 3 in Earth Magic
   613 | D:1      | Reached XP level 2. HP: 19/20 MP: 7/7
  1082 | D:2      | Found an iron altar of Okawaru.
  1307 | D:2      | Reached XP level 3. HP: 26/26 MP: 6/9
  1737 | D:2      | Noticed Sigmund
  1747 | D:2      | Killed Sigmund
  1747 | D:2      | Reached skill level 5 in Earth Magic
  1747 | D:2      | Reached XP level 4. HP: 19/33 MP: 5/11
  1747 | D:2      | Reached XP level 5. HP: 22/38 MP: 5/12
  2464 | D:3      | Learned a level 3 spell: Stone Arrow
  2630 | D:3      | Found a faded altar of an unknown god.
  2686 | D:3      | Noticed Robin
  2695 | D:3      | Killed Robin
  3047 | D:3      | Found a runed translucent door.
  3050 | D:3      | Noticed grovkorv's ghost (amateur FoNe)
  3333 | D:4      | Reached XP level 6. HP: 45/45 MP: 12/14
  3782 | D:4      | Found a staircase to the Ecumenical Temple.
  3844 | D:5      | Entered Level 5 of the Dungeon
  3844 | D:5      | Noticed Edmund
  3860 | D:5      | Killed Edmund
  3860 | D:5      | Reached skill level 6 in Earth Magic
  3920 | D:5      | Got a masterwork hand axe
  3921 | D:5      | Identified the +7 hand axe "Ysuoxuf" {pain, rElec Str-2
                  | Dex+4} (You found it on level 5 of the Dungeon)
  4032 | D:5      | Found a shimmering altar of Xom.
  4099 | D:5      | Reached XP level 7. HP: 50/50 MP: 10/16
  4436 | D:4      | Reached skill level 7 in Earth Magic
  5185 | D:5      | Found a shimmering altar of Xom.
  5185 | D:5      | Found a shimmering altar of Xom.
  5296 | D:6      | Noticed Eustachio
  5313 | D:6      | Killed Eustachio
  5447 | D:6      | Reached skill level 5 in Spellcasting
  5459 | D:6      | Reached skill level 8 in Earth Magic
  5459 | D:6      | Reached XP level 8. HP: 49/57 MP: 13/19
  5757 | D:6      | Reached skill level 9 in Earth Magic
  6352 | D:7      | Noticed a hippogriff
  6359 | D:7      | Killed a hippogriff
  6359 | D:7      | Reached XP level 9. HP: 55/62 MP: 14/22
  6490 | D:7      | Found a glowing golden altar of the Shining One.
  6687 | D:7      | Noticed Duvessa
  6687 | D:7      | Noticed Dowan
  6694 | D:7      | Killed Duvessa
  6700 | D:7      | Killed Dowan
  6700 | D:7      | Reached skill level 10 in Earth Magic
  7465 | D:7      | Learned a level 5 spell: Lee's Rapid Deconstruction
  7470 | D:7      | Learned a level 4 spell: Petrify
  7811 | D:8      | Reached skill level 11 in Earth Magic
  8738 | D:9      | Found a staircase to the Lair.
  8904 | D:9      | Reached XP level 10. HP: 69/69 MP: 20/25
  9008 | D:9      | Reached skill level 1 in Shields
  9063 | D:9      | Found a staircase to the Orcish Mines.
  9587 | D:10     | Entered Level 10 of the Dungeon
  9593 | D:10     | Noticed a deep elf mage
  9595 | D:10     | Killed a deep elf mage
  9611 | D:10     | Reached skill level 12 in Earth Magic
  9965 | D:10     | Found a stormy altar of Qazlal.
 10156 | D:10     | Noticed a two-headed ogre
 10163 | D:10     | Killed a two-headed ogre
 10698 | D:10     | Noticed a purple ugly thing
 10706 | D:10     | Killed a purple ugly thing
 10904 | D:11     | Noticed a cyclops
 11058 | D:11     | Noticed a cyan ugly thing
 11062 | D:11     | Killed a cyan ugly thing
 11062 | D:11     | Reached XP level 11. HP: 48/74 MP: 11/27
 11562 | D:11     | Reached skill level 13 in Earth Magic
 11885 | D:11     | Reached skill level 5 in Shields
 12312 | D:12     | Noticed a six-headed hydra
 12316 | D:12     | Killed a six-headed hydra
 12463 | D:12     | HP: 1/74 [troll (7)]
 12463 | D:12     | Slain by a troll

Illustrated notes

Levels and vault maps discovered:
D:1:      minmay_arrival_widening_spiral_wide, layout_basic
D:2:      layout_loops_corners, okawaru_metal_pillars_1_2, uniq_sigmund
D:3:      layout_loops_ring, ebering_ghost_sewer_d,
          chequers_ecumenical_altar_island, uniq_robin
D:4:      layout_basic, minmay_temple_entry_glass
D:5:      layout_basic, xom_redecorated, first_ration, kennysheep_flooded_box,
          uniq_edmund
D:6:      layout_rooms, uniq_eustachio
D:7:      layout_rooms, nicolae_tso_carved_into_rock, uniq_duvessa
D:8:      layout_layer_cave
D:9:      layout_small_grid, dpeg_oklobed_lair, david_orc_1_choice,
          serial_rivers, chequers_serial_rivers_small_3,
          chequers_serial_rivers_micro_b, chequers_serial_rivers_large_a,
          chequers_serial_rivers_small_3
D:10:     layout_stronghold, hangedman_stone_soup, grunt_qazlal_clouds
D:11:     layout_roguey, minmay_misc_feat_cross
D:12:     layout_basic, serial_shops, shop, nicolae_shop_stone,
          minmay_unpleasant_kobolds

Skill      XL: |  1  2  3  4  5  6  7  8  9 10 11 |
---------------+----------------------------------+-----
Earth Magic    | 3 5 6 8 9 11 12 13 | 13.4
Spellcasting   | 2 3 4 5 6 7 8 9 |  9.1
Shields        | 4 5 |  5.3
Dodging        | |  1.7
Stealth        | |  1.7
Transmutations | |  0.8

Action                   |  1- 3 |  4- 6 |  7- 9 | 10-12 || total
-------------------------+-------+-------+-------+-------++-------
Melee: Hand axe          |    55 |    52 |       |       ||   107
       Flail             |       |     3 |    38 |       ||    41
       Dagger            |       |       |    94 |    39 ||   133
 Cast: Sandblast         |    15 |    51 |   169 |    75 ||   310
       Stone Arrow       |       |     1 |    10 |     4 ||    15
       Lee's Rapid Decon |       |       |     2 |    41 ||    43
Evoke: Wand              |       |       |     4 |       ||     4
  Use: Scroll            |       |     5 |     5 |     5 ||    15
 Stab: Sleeping          |     5 |     1 |     3 |     1 ||    10
       Distracted        |       |       |     1 |       ||     1
  Eat: Chunk             |     3 |     7 |    15 |    17 ||    42
Armor: Robe              |    19 |    26 |    75 |    29 ||   149
       Leather armour    |     1 |       |       |       ||     1
Dodge: Dodged            |    44 |    63 |   134 |    58 ||   299
Block: Other             |     9 |       |       |       ||     9
